 Dungeon Crawl Stone Soup version 0.30-a0-347-gf58ed5266c (webtiles) character file.

Game seed: 11094820239285065393

56 Conn the Firebug (level 3, -3/21 HPs)
             Began as an Octopode Fire Elementalist on Nov 6, 2022.
             Slain by a gnoll
             ... wielding a +0 spear
              (7 damage)
             ... on level 2 of the Dungeon.
             The game lasted 00:02:02 (1028 turns).

Conn the Firebug (Octopode Fire Elementalist)       Turns: 1028, Time: 00:02:03

Health: -3/21      AC:  1    Str:  5 (7)  XL:     3   Next: 95%
Magic:  0/6        EV: 13    Int: 17 (19) God:
Gold:   51         SH:  0    Dex: 10 (12) Spells: 5/6 levels left

rFire   . . .      SeeInvis .    c - +0 short sword
rCold   . . .      Faith    .    (no shield)
rNeg    . . .      Spirit   .    (helmet restricted)
rPois   .          Reflect  .    (no amulet)
rElec   .          Harm     .    (no ring)
rCorr   .          Rampage  .    (no ring)
Will    .....                    (no ring)
Stlth   +++.......               (no ring)
HPRegen 0.23/turn                (no ring)
MPRegen 0.10/turn                (no ring)
                                 (no ring)
                                 (no ring)

@: no status effects
A: almost no armour, amphibious, 8 rings, camouflage 1, gelatinous body 1,
(nimble swimmer 1), tentacles
a: no special abilities


You were on level 2 of the Dungeon.
You visited 1 branch of the dungeon, and saw 2 of its levels.

You collected 51 gold pieces.

Inventory:

Hand Weapons
 c - a +0 short sword (weapon)
Armour
 k - a +0 buckler
Jewellery
 e - a ring of ice
Scrolls
 d - a scroll of amnesia {unknown}
 f - a scroll of magic mapping {unknown}
 j - a scroll of identify {unknown}
Potions
 a - a potion of magic
 b - a potion of haste {unknown}
 g - a potion of degeneration
 h - a potion of cancellation {unknown}
 i - a potion of ambrosia {unknown}


   Skills:
 + Level 2.2 Dodging
 + Level 3.0 Stealth
 + Level 2.4 Spellcasting
 + Level 1.3 Conjurations
 + Level 4.0 Fire Magic


You had 5 spell levels left.
You knew the following spells:

 Your Spells              Type           Power      Damage    Failure   Level
a - Foxfire               Conj/Fire      44%        2x1d6     6%          1

Your spell library contained the following spells:

 Spells                   Type           Power      Damage    Failure   Level
 Scorch                   Fire           30%        2d6       5%          2
 Inner Flame              Hex/Fire       8%         N/A       24%         3
 Kindle Blastsparks       Fire/Tloc/Air  12%        2d11      32%         3
 Flame Wave               Conj/Fire      11%        2d6       52%         4


Dungeon Overview and Level Annotations

Branches:
Dungeon (2/15)

Altars:


Innate Abilities, Weirdness & Mutations

You cannot wear most types of armour.
You are amphibious.
You can wear up to eight rings at the same time.
Your skin changes colour to match your surroundings (Stealth+).
Your rubbery body absorbs attacks. (AC +1, EV +1)
((You are camouflaged when in or above water. (Stealth+)))
You have tentacles for arms and can constrict up to eight enemies at once.


Message History

You feel sick.
The foxfire hits the adder.
You kill the adder!
The foxfire hits the quokka.
The quokka is lightly wounded.
The quokka misses you. x2
Your Fire Magic skill increases to level 4!
You feel sick.
You hit the gnoll. You grab the gnoll.
The gnoll is moderately wounded.
You constrict the gnoll, but do no damage.
You feel sick. The quokka closely misses you. The gnoll closely misses you.
Casting: Foxfire (safe; 5% risk of failure)
Confirm with . or Enter, or press ? or * to list all spells.
You conjure some foxfire!
You constrict the gnoll, but do no damage.
You feel sick. The quokka barely misses you. The gnoll closely misses you.
Unknown command.
You hit the gnoll. You squeeze the gnoll.
The gnoll is almost dead.
You constrict the gnoll, but do no damage.
You feel sick.
You are no longer poisoned.
The foxfire hits the quokka.
The quokka is severely wounded.
The foxfire hits the quokka.
The quokka is almost dead.
The quokka bites you. The gnoll hits you with a +0 whip.
The gnoll hits you from afar with a +0 spear.
The gnoll barely misses you.
It was a potion of degeneration.
There was something very wrong with that liquid.
You feel weakened.
You feel dopey.
You feel clumsy.
You constrict the gnoll.
You kill the gnoll!
The quokka bites you but does no damage.
The quokka bites you.
* * * LOW HITPOINT WARNING * * *
The gnoll closely misses you.
The gnoll hits you from afar with a +0 spear!
You die...

#.##..##...####......#..#...P..
#......#..## #...#..#.........
#####....## #...#..#..#.P....
#.§.#######.).......P..P...
###.................#......
##.................P#''##
#.....>.##..............
#.....§...).....####..##
#......@.##.....####.##
#.....gr).....#......#
#......g†######.######
########)# #.##### ...........#
#.....# ...........# #.....#
...........# #.....#
####..$....# ####### #.......#


You could see 2 gnolls and a quokka.

Vanquished Creatures
  2 gnolls (D:2)
  2 adders (D:2)
  A dart slug (D:2)
  3 endoplasms
  2 giant cockroaches (D:1)
  3 kobolds
  A quokka (D:1)
  3 ball pythons (D:1)
  2 bats (D:1)
  A frilled lizard (D:1)
  4 goblins
  3 rats
27 creatures vanquished.

Vanquished Creatures (others)
  71 foxfires
  A plant (D:2)
72 creatures vanquished.

Grand Total: 99 creatures vanquished

Notes
Turn   | Place    | Note
-------+----------+-------------------------------------------
     0 | D:1      | Conn the Octopode Fire Elementalist began the quest for the
                  | Orb.
     0 | D:1      | Reached XP level 1. HP: 11/11 MP: 3/3
   179 | D:1      | Reached XP level 2. HP: 17/17 MP: 0/5
   858 | D:2      | Reached XP level 3. HP: 17/21 MP: 6/6
  1024 | D:2      | Reached skill level 4 in Fire Magic
  1028 | D:2      | Slain by a gnoll

Illustrated notes

Levels and vault maps discovered:
D:1:      scummos_arrival_checkerplants, layout_basic
D:2:      cheibrodos_old_hovel, layout_basic, minmay_tetromino_s4

Skill      XL: |  1  2  3 |
---------------+----------+-----
Stealth        | 3 |  3.0
Fire Magic     | 4 |  4.0
Dodging        | |  2.2
Spellcasting   | |  2.4
Conjurations   | |  1.3

Action                   || total
-------------------------++-------
Melee: Unarmed           ||     2
       Tentacles         ||     6
       Short sword       ||    33
       Constrict         ||     8
 Cast: Foxfire           ||    40
  Use: Potion            ||     1
Armor: Skin              ||     6
Dodge: Dodged            ||    25

Table legend: (Time is in decaauts)
 A = Elapsed time spent in this place.
 B = Non-inter-level travel time spent in this place.
 C = Inter-level travel time spent in this place.
 D = Time resting spent in this place.
 E = Time spent auto-exploring this place.
 F = Levels seen in this place.
 G = Mean time per level.
                   A        B        C        D        E       F      G
               +--------+--------+--------+--------+--------+-----+--------+
         Total |   1027 |   1014 |     13 |      0 |    738 |   2 |  513.5 |
       Dungeon |   1027 |   1014 |     13 |      0 |    738 |   2 |  513.5 |
               +--------+--------+--------+--------+--------+-----+--------+

Top non-repeatable levels by time:
     D:1: 832 daAuts
     D:2: 194 daAuts
